 Dungeon Crawl Stone Soup version 0.18-a0-1140-g8540535 (webtiles) character file.

22 namelastname112 the Ruffian (level 2, 0/23 HPs)
             Began as a Draconian Transmuter on Jan 22, 2016.
             Slain by a kobold
             ... wielding a cursed +0 short sword
              (4 damage)
             ... on level 2 of the Dungeon.
             The game lasted 00:01:07 (1058 turns).

namelastname112 the Ruffian (Draconian Transmuter)  Turns: 1058, Time: 00:01:08

Health: 0/23       AC:  5    Str: 12    XL:     2   Next: 68%
Magic:  5/5        EV: 12    Int: 13    God:
Gold:   77         SH:  0    Dex: 13    Spells: 1 memorised, 4 levels left

rFire  . . .     SeeInvis .       - Unarmed
rCold  . . .     Gourm    .     (armour unavailable)
rNeg   . . .     Faith    .     (no shield)
rPois  .         Spirit   .     (helmet restricted)
rElec  .         Dismiss  .     n - +0 cloak
rCorr  .         Reflect  .     (no gloves)
SustAt .         Harm     .     (no boots)
MR     .....                    (no amulet)
Stlth  +.........               (no ring)
                                h - +2 ring of dexterity

@: not resistant to hostile enchantments, very unstealthy
A: unfitting armour, cold-blooded, AC +4
a: no special abilities


You were on level 2 of the Dungeon.
You were not hungry.

You visited 1 branch of the dungeon, and saw 2 of its levels.

You collected 77 gold pieces.

Inventory:

Missiles
 a - 36 arrows
Armour
 n - a +0 cloak (worn)
Jewellery
 h - a +2 ring of dexterity (left hand)
 m - a cursed ring of loudness {unknown}
Scrolls
 g - 2 scrolls of remove curse {unknown}
 i - a scroll of fear {unknown}
 k - a scroll of immolation {unknown}
 l - a scroll of noise {unknown}
 o - 2 scrolls of fog {unknown}
Potions
 d - a potion of heal wounds {unknown}
 e - 2 potions of agility {unknown}
 f - 2 potions of flight {unknown}
 j - a potion of haste {unknown}
Books
 b - a book of Changes

   Spells                             Type                      Level
   a - Beastly Appendage              Transmutation                1
   b - Sticks to Snakes               Transmutation                2
   c - Spider Form                    Transmutation/Poison         3
   d - Ice Form                       Ice/Transmutation            4
   e - Blade Hands                    Transmutation                5
Comestibles
 c - 2 bread rations


   Skills:
 - Level 1.1 Fighting
 - Level 1.7 Dodging
 * Level 4.0 Unarmed Combat
 - Level 2.0 Spellcasting
 - Level 2.0 Transmutations


You had 4 spell levels left.
You knew the following spells:

 Your Spells              Type           Power        Failure   Level  Hunger
a - Beastly Appendage     Trmt           #.....       12%         1    ##.....


Dungeon Overview and Level Annotations

Branches:
Dungeon (2/15)

Altars:
Ru


Innate Abilities, Weirdness & Mutations

Your plain brown scales are hard (AC +4).
Your body does not fit into most forms of armour.
You are cold-blooded and may be slowed by cold attacks.


Message History

You barely miss the worm.
The worm is almost dead.
The worm bites you!
* * * LOW HITPOINT WARNING * * *
You barely miss the worm. You tail-slap the worm.
The worm is almost dead.
You hit the worm. You punch the worm, but do no damage.
The worm is almost dead.
The worm barely misses you.
You barely miss the worm.
The worm is almost dead.
The worm bites you but does no damage.
You hit the worm but do no damage.
The worm is almost dead.
You hit the worm.
You kill the worm!
Your Unarmed Combat skill increases to level 4!
The kobold throws a stone.
The stone hits you but does no damage. The kobold hits you with a short sword.
You die...

#. #. ## #. . #.
.# #.###.#
#.....###.#
#.(....... .#
#K#....[.. . ..#
#@######## #.####
#.# #(#
.....######.# #.#
####....><.†.# #.#
≈≈..#....##..# #.#
..≈..#....#..###.#
_.≈...#..........#
..≈..#.......#####
≈≈..#..#........#


You could see a kobold.

Vanquished Creatures
  A worm (D:2)
  3 bats
  2 giant cockroaches
  4 goblins
  2 hobgoblins (D:1)
  A ball python (D:2)
  2 kobolds (D:1)
  4 rats
19 creatures vanquished.

Notes
Turn   | Place    | Note
--------------------------------------------------------------
     0 | D:1      | namelastname112 the Draconian Transmuter began the quest for the Orb.
     0 | D:1      | Reached XP level 1. HP: 16/16 MP: 3/3
   360 | D:1      | Reached XP level 2. HP: 11/23 MP: 5/5
  1002 | D:2      | Found a sacrificial altar of Ru.
  1057 | D:2      | Reached skill level 4 in Unarmed Combat
  1058 | D:2      | Slain by a kobold

Vault maps used:
D:1:      lightli_iron_boxes
D:2:      nicolae_ru_awakened_eye, lemuel_doored_altar, first_bread, uniq_iyjb

Action                   || total
-------------------------++-------
Melee: Unarmed           ||    68
